 Dungeon Crawl Stone Soup version 0.21.1-1-g345015f (webtiles) character file.

956 wojtek the Cleaver (level 7, -2/61 HPs)
             Began as a Minotaur Fighter on July 31, 2018.
             Slain by Grinder (5 damage)
             ... on level 4 of the Dungeon.
             The game lasted 00:05:14 (3459 turns).

wojtek the Cleaver (Minotaur Fighter)               Turns: 3459, Time: 00:05:15

Health: -2/61      AC:  7    Str: 23    XL:     7   Next: 91%
Magic:  6/6        EV:  9    Int:  5    God:
Gold:   354        SH: 10    Dex:  9    Spells: 6/6 levels left

rFire    . . .     SeeInvis .   a - +0 war axe
rCold    . . .     Gourm    .   c - +0 shield
rNeg     . . .     Faith    .   b - +0 scale mail
rPois    .         Spirit   .   (helmet restricted)
rElec    .         Reflect  .   (no cloak)
rCorr    .         Harm     .   (no gloves)
MR       .....                  (no boots)
Stlth    ..........             (no amulet)
HPRegen  0.20/turn              (no ring)
MPRegen  0.10/turn              (no ring)

@: no status effects
A: retaliatory headbutt, horns 2
a: no special abilities


You were on level 4 of the Dungeon.
You were not hungry.

You visited 1 branch of the dungeon, and saw 4 of its levels.

You collected 354 gold pieces.

Inventory:

Hand Weapons
 a - a +0 war axe (weapon)
Armour
 b - a +0 scale mail (worn)
 c - a +0 shield (worn)
 i - a +0 plate armour
 p - a +4 scale mail
Wands
 u - a wand of clouds (6)
 y - a wand of acid (9)
Scrolls
 e - 3 scrolls of identify {unknown}
 g - 4 scrolls of teleportation {unknown}
 k - 2 scrolls of remove curse {unknown}
 l - 2 scrolls of noise {unknown}
 o - a scroll of blinking {unknown}
 q - a scroll of fog {unknown}
 s - 2 scrolls of random uselessness {unknown}
 v - 4 scrolls of amnesia {unknown}
 w - a scroll of fear {unknown}
Potions
 d - 4 potions of might
 h - 2 potions of berserk rage {unknown}
 j - a potion of flight {unknown}
 m - 3 potions of heal wounds {unknown}
 n - a potion of magic {unknown}
 r - 2 potions of cancellation {unknown}
 t - 4 potions of curing {unknown}
 z - a potion of haste {unknown}
Comestibles
 f - 2 rations
 x - 6 chunks of flesh


   Skills:
 + Level 5.2 Fighting
 * Level 8.1 Axes
 + Level 5.3 Armour
 + Level 3.1 Dodging
 + Level 5.2 Shields


You had 6 spell levels left.
You didn't know any spells.

Dungeon Overview and Level Annotations

Branches:
Dungeon (4/15)
 Temple: D:4-7

Altars:
Nemelex Xobeh
Okawaru
Qazlal

Annotations:
D:4 Grinder


Innate Abilities, Weirdness & Mutations

You reflexively headbutt those who attack you in melee.
You have a pair of horns on your head.


Message History

You block Grinder's attack.
You closely miss Grinder.
Grinder is heavily wounded.
You block Grinder's attack.
You hit Grinder but do no damage. You headbutt Grinder.
Grinder is heavily wounded.
You block Grinder's attack.
You slash Grinder! You headbutt Grinder.
Grinder is severely wounded.
Grinder gestures at you. You resist with significant effort.
You closely miss Grinder. Your headbutt misses Grinder.
Grinder is severely wounded.
Grinder blinks!
You closely miss Grinder. You headbutt Grinder, but do no damage.
Grinder is severely wounded.
Grinder hits you.
* * * LOW HITPOINT WARNING * * *
You writhe in agony.
You die...

..# ..# .. ..# #. ###
.. # .# ###### .#
.....############$#
.....'..........ยง.#
.....######## #@#
.....###########5#
.................#
.....##################
.....# #.........<#
####.# #.##########
..##.# #.# ..##.# #.#
.....# #.#


You could see Grinder.

Vanquished Creatures
  Eustachio (D:4)
  A sky beast (D:3)
  An ogre (D:4)
  3 big kobolds (D:4)
  A scorpion (D:3)
  An orc wizard (D:4)
  An orc priest (D:3)
  A worker ant (D:4)
  The ghost of zapotec the Skirmisher, a weakling HOMo (D:3)
  9 gnolls
  6 adders
  An ooze (D:1)
  A dart slug (D:1)
  2 leopard geckos
  9 orcs
  4 giant cockroaches
  27 hobgoblins
  12 kobolds
  4 quokkas
  2 ball pythons (D:1)
  8 bats
  8 frilled lizards
  33 goblins
  7 rats
144 creatures vanquished.

Notes
Turn   | Place    | Note
-------+----------+-------------------------------------------
     0 | D:1      | wojtek the Minotaur Fighter began the quest for the Orb.
     0 | D:1      | Reached XP level 1. HP: 19/19 MP: 0/0
   107 | D:1      | Reached skill level 3 in Axes
   134 | D:1      | Reached XP level 2. HP: 23/26 MP: 1/1
   284 | D:1      | Reached skill level 4 in Axes
   727 | D:2      | Reached XP level 3. HP: 26/31 MP: 2/2
   979 | D:2      | Found a sparkling altar of Nemelex Xobeh.
   996 | D:2      | Reached skill level 5 in Axes
  1300 | D:2      | Found a stormy altar of Qazlal.
  1380 | D:3      | Noticed a scorpion
  1388 | D:3      | Killed a scorpion
  1388 | D:3      | Reached skill level 6 in Axes
  1388 | D:3      | Reached XP level 4. HP: 29/39 MP: 3/3
  1579 | D:3      | Reached XP level 5. HP: 43/46 MP: 4/4
  1682 | D:3      | Noticed zapotec's ghost (weakling HOMo)
  1691 | D:3      | Killed zapotec's ghost
  1760 | D:3      | Noticed a sky beast
  1783 | D:3      | Killed a sky beast
  1783 | D:3      | Reached skill level 1 in Dodging
  1958 | D:3      | Reached XP level 6. HP: 52/52 MP: 5/5
  2229 | D:3      | Found an iron altar of Okawaru.
  2388 | D:4      | Noticed Eustachio
  2509 | D:4      | Killed Eustachio
  2509 | D:4      | Reached skill level 7 in Axes
  2686 | D:4      | Reached XP level 7. HP: 60/60 MP: 6/6
  3098 | D:4      | Reached skill level 5 in Armour
  3102 | D:4      | Reached skill level 5 in Fighting
  3102 | D:4      | Reached skill level 5 in Shields
  3105 | D:4      | Reached skill level 8 in Axes
  3441 | D:4      | Noticed Grinder
  3448 | D:4      | Paralysed by Grinder for 6 turns
  3459 | D:4      | HP: 3/61 [Grinder (5)]
  3459 | D:4      | Slain by Grinder

Skill      XL: |  1  2  3  4  5  6  7 |
---------------+----------------------+-----
Axes           | 3 4 6 7 8 |  8.1
Fighting       | 4 5 |  5.2
Armour         | 4 5 |  5.3
Dodging        | 1 2 3 |  3.1
Shields        | 4 5 |  5.2

Action                   |  1- 3 |  4- 6 |  7- 9 || total
-------------------------+-------+-------+-------++-------
Melee: War axe           |    96 |   139 |   129 ||   364
       Headbutt          |    12 |    16 |    26 ||    54
  Eat: Chunk             |     2 |     4 |     3 ||     9
Armor: Scale mail        |    60 |    57 |    40 ||   157
Dodge: Dodged            |    27 |    51 |    54 ||   132
Block: Shield            |    75 |    82 |    73 ||   230
